 Dungeon Crawl Stone Soup version 0.31.0-11-ge490571c62 (webtiles) character file.

Game seed: 3210788080562709342

1355444 ragingrage the Peltast (level 24, 188/188 (194) HPs)
             Began as an Armataur Hedge Wizard on Jan 26, 2024.
             Was the Champion of Lugonu.
             Escaped with the Orb
             ... and 3 runes on Jan 27, 2024!
             The game lasted 03:57:35 (102245 turns).

ragingrage the Peltast (Armataur Hedge Wizard)    Turns: 102245, Time: 03:57:35

HP:   188/188 (194) AC: 35    Str: 26 (28) XL:     24   Next: 87%
MP:   27/27         EV: 12    Int: 18      God:    Lugonu [******]
Gold: 1631          SH: 23    Dex: 26      Spells: 21/35 levels left

rFire   + + .        a - +9 quick blade (distort)
rCold   x . .        X - +1 kite shield {reflect}
rNeg    . . .        c - +0 fire dragon scales
rPois   +            R - +2 helmet of the Burning God {Dex+7}
rElec   +            T - +2 cloak {rCorr}
rCorr   +            L - +1 pair of gloves of the Pit {rPois Will+}
SInv    +            K - +0 barding
Will    ++...        U - amulet of regeneration
Stlth   ++           w - ring of Lisuink {*Corrode rF+ Str+2 Dex+7 SInv}
HPRegen 1.31/turn    g - ring "Levon" {rElec AC+4 Str+7 Dex-5 SInv}
MPRegen 0.20/turn

%: corrode self (3%), reflection, roll
@: studying Unarmed Combat, lightly drained
A: large, deformed body, tough skin 3, armoured tail, roll 2, large bone plates
1, deterioration 1, frail 1, low MP 2, strong 1, wild magic 1, heat
vulnerability 1, persistent drain
0: Orb of Zot
}: 3/15 runes: barnacled, abyssal, gossamer
a: Renounce Religion, Depart the Abyss, Banish, Corrupt, Enter the Abyss


You escaped.
You worshipped Lugonu.
Lugonu was exalted by your worship.
You visited 10 branches of the dungeon, and saw 47 of its levels.
You visited the Abyss 1 time.
You visited 1 bazaar.
You also visited: Bailey and Wizlab.

You collected 6289 gold pieces.
You spent 4658 gold pieces at shops.

Inventory:

Hand Weapons
 a - a +9 quick blade of distortion (weapon)
 b - the +9 staff of Olgreb {rPois∞}
   (You took it off Arachne on level 3 of the Spider Nest)

   Radiate:   It can be activated via the 'a'bility menu to radiate toxic
   energy, with effectiveness depending on Evocations skill.
   Alch:      It enhances your alchemy magic.
   rPois∞: It grants immunity to poison.
Missiles
 p - 6 curare-tipped darts
 Y - a throwing net (quivered)
Armour
 c - +0 fire dragon scales (worn)
 K - a +0 barding (worn)
 L - the +1 pair of gloves of the Pit (worn) {rPois Will+}
   (You bought it in a shop on level 3 of the Elven Halls)

   rPois:     It protects you from poison Will+: It increases your willpower.
 R - the +2 helmet of the Burning God (worn) {Dex+7}
   (You found it on level 3 of the Elven Halls)

   Dex+7:     It affects your dexterity (+7).
 T - a +2 cloak of preservation (worn)
 X - a +1 kite shield of reflection (worn)
Jewellery
 e - the ring "Hubuygh" {rN+ rCorr}
   (You found it on level 8 of the Dungeon)

   [ring of positive energy]

   rN+:       It protects you from negative energy.
   rCorr:     It protects you from acid and corrosion.
 g - the ring "Levon" (right hand) {rElec AC+4 Str+7 Dex-5 SInv}
   (You bought it in a shop in a bazaar)

   [ring of protection]

   AC+4:      It affects your AC (+4).
   Str+7:     It affects your strength (+7).
   Dex-5:     It affects your dexterity (-5).
   rElec:     It insulates you from electricity.
   SInv:      It lets you see invisible.
 h - a ring of protection from cold
 w - the ring of Lisuink (left hand) {*Corrode rF+ Str+2 Dex+7 SInv}
   (You took it off a merfolk on level 4 of the Shoals)

   [ring of protection from fire]

   Str+2:     It affects your strength (+2).
   Dex+7:     It affects your dexterity (+7).
   rF+:       It protects you from fire.
   SInv:      It lets you see invisible.
   *Corrode:  It may corrode you when you take damage.
 U - an amulet of regeneration (around neck)
Wands
 o - a wand of paralysis (38)
 y - a wand of iceblast (24)
 z - a wand of mindburst (16)
 I - a wand of digging (16)
 V - a wand of quicksilver (7)
Scrolls
 k - 6 scrolls of fear
 r - 16 scrolls of teleportation
 u - 6 scrolls of vulnerability
 v - 4 scrolls of blinking
 x - 2 scrolls of enchant armour
 A - 9 scrolls of fog
 B - 3 scrolls of noise
 C - 6 scrolls of poison
 E - 3 scrolls of silence
 F - 3 scrolls of immolation
 H - 5 scrolls of summoning
Potions
 d - 5 potions of magic
 f - 11 potions of curing
 i - 4 potions of haste
 j - 8 potions of might
 l - 7 potions of ambrosia
 m - 4 potions of heal wounds
 s - 7 potions of enlightenment
 t - a potion of lignification
 D - a potion of resistance
 G - 8 potions of brilliance
 J - 9 potions of attraction
 O - 5 potions of cancellation
 P - 2 potions of invisibility
 W - 6 potions of berserk rage
Miscellaneous
 n - a phial of floods
 q - a box of beasts (inert)
 M - a lightning rod (4/4)
 Q - a phantom mirror
 Z - a condenser vane


   Skills:
 - Level 18.0 Fighting
 - Level 15.0 Short Blades
 - Level 18.0 Armour
 - Level 8.0 Dodging
 - Level 15.0 Stealth
 - Level 20.0 Shields
 - Level 6.0 Spellcasting
 - Level 4.0 Conjurations
 - Level 2.0 Hexes
 - Level 4.0 Summonings
 - Level 5.0 Translocations
 - Level 8.0 Fire Magic
 - Level 4.0 Ice Magic
 - Level 5.0 Air Magic
 - Level 5.0 Earth Magic
 - Level 9.0 Alchemy
 + Level 14.5 Invocations
 + Level 16.3 Evocations


You had 21 spell levels left.
You knew the following spells:

 Your Spells              Type           Power      Damage    Failure   Level
c - Mephitic Cloud        Conj/Alch/Air  35%        N/A       11%         3
d - Blink                 Tloc           60%        N/A       9%          2
e - Magic Dart            Conj           100%       1d8       9%          1
f - Ignite Poison         Fire/Alch      46%        N/A       13%         4
g - Passwall              Erth           30%        N/A       16%         3
h - Apportation           Tloc           60%        N/A       6%          1

Your spell library contained the following spells:

 Spells                   Type           Power      Damage    Failure   Level
 Sting                    Conj/Alch      100%       1d9       3%          1
 Foxfire                  Conj/Fire      100%       2x1d9     4%          1
 Shock                    Conj/Air       100%       1d9       7%          1
 Freeze                   Ice            100%       1d10      9%          1
 Summon Small Mammal      Summ           100%       N/A       9%          1
 Cigotuvi's Dreadful Rot  Necr/Alch/Air  56%        N/A       10%         2
 Volatile Blastmotes      Fire/Tloc      74%        2d16      10%         3
 Call Imp                 Summ           50%        N/A       13%         2
 Searing Ray              Conj           50%        2d6       13%         2
 Gell's Gravitas          Tloc           30%        N/A       16%         3
 Swiftness                Air            30%        N/A       16%         3
 Teleport Other           Tloc           30%        N/A       16%         3
 Kiss of Death            Conj/Necr      64%        2d10      17%         1
 Slow                     Hex            64%        N/A       17%         1
 Ensorcelled Hibernation  Hex/Ice        42%        N/A       17%         2
 Call Canine Familiar     Summ           25%        N/A       22%         3
 Frozen Ramparts          Ice            50%        1d8       22%         3
 Hailstorm                Conj/Ice       25%        3d7       22%         3
 Ozocubu's Armour         Ice            25%        N/A       22%         3
 Summon Ice Beast         Ice/Summ       25%        N/A       22%         3
 Leda's Liquefaction      Alch/Erth      19%        N/A       22%         4
 Petrify                  Alch/Erth      39%        N/A       22%         4
 Fulminant Prism          Conj/Alch      18%        3d10      26%         4
 Dazzling Flash           Conj/Hex       42%        N/A       32%         3
 Summon Blazeheart Golem  Fire/Summ      35%        N/A       32%         4
 Necrotise                Necr           28%        1d5       36%         1
 Airstrike                Air            15%        2d(3-19)  43%         4
 Passage of Golubria      Tloc           30%        N/A       43%         4
 Confusing Touch          Hex            16%        N/A       45%         3
 Sigil of Binding         Hex            16%        N/A       45%         3
 Tukima's Dance           Hex            16%        N/A       45%         3
 Sublimation of Blood     Necr           7%         N/A       47%         2
 Iskenderun's Mystic Bla  Conj/Tloc      28%        2d7       50%         4
 Dimensional Bullseye     Hex/Tloc       11%        N/A       63%         4
 Yara's Violent Unravell  Hex/Alch       16%        3d8       71%         5
 Summon Forest            Summ/Tloc      14%        N/A       83%         5
 Freezing Cloud           Conj/Ice/Air   13%        6-21      86%         5
 Silence                  Hex/Air        11%        N/A       92%         5
 Metabolic Englaciation   Hex/Ice        10%        N/A       95%         5
 Summon Mana Viper        Hex/Summ       21%        N/A       95%         5
 Dispel Undead            Necr           7%         3d8       97%         4
 Plasma Beam              Fire/Air       18%        2x1d30    98%         6
 Sculpt Simulacrum        Ice/Alch       18%        N/A       98%         6
 Starburst                Conj/Fire      17%        6d6       99%         6
 Curse of Agony           Necr           7%         N/A       100%        5
 Dispersal                Tloc           15%        N/A       100%        6
 Summon Cactus Giant      Summ           12%        N/A       100%        6
 Malign Gateway           Summ/Tloc      14%        N/A       100%        7
 Monstrous Menagerie      Summ           12%        N/A       100%        7
 Orb of Destruction       Conj           12%        9d7       100%        7
 Ozocubu's Refrigeration  Ice            12%        4d10      100%        7
 Spellforged Servitor     Conj/Summ      12%        N/A       100%        7
 Summon Hydra             Summ           12%        N/A       100%        7
 Lehudib's Crystal Spear  Conj/Erth      14%        10d5      100%        8
 Maxwell's Capacitive Co  Air            15%        ∞         100%        8
 Summon Horrible Things   Summ           12%        N/A       100%        8
 Polar Vortex             Ice            12%        12d1*     100%        9


Dungeon Overview and Level Annotations

Branches:
Dungeon (15/15)            Temple (1/1) D:6            Lair (5/5) D:9
 Shoals (4/4) Lair:2       Spider (4/4) Lair:3        Slime (0/5) Lair:4
    Orc (2/2) D:10            Elf (3/3) Orc:2        Vaults (4/5) D:14
  Crypt (0/3) Vaults:2     Depths (4/4) D:15            Zot (5/5) Depths:4
 Bailey (visited)          WizLab (visited)

Altars:
Ashenzari
Cheibriados
Dithmenos
Elyvilon
Fedhas
Gozag
Hepliaklqana
Kikubaaqudgha
Makhleb
Nemelex Xobeh
Okawaru
Qazlal
Ru
Sif Muna
Trog
Uskayaw
Vehumet
Wu Jian
Xom
Yredelemnul
Zin
The Shining One
Lugonu

Shops:
D:5 *   D:7 (*!?   Orc:1 *   Orc:2 ?[!*   Elf:3 (**=[   Shoals:3 !=
Vaults:2 =   Depths:2 *   Depths:3 :   Depths:4 :

Portals:
Hell: Depths:1 Depths:2 Depths:3 Depths:4
Abyss: Depths:3
Pandemonium: Depths:2
Ziggurat: Depths:4

Annotations:
D:4 exclusion: downstairs
D:8 corrupted
D:9 exclusions: 3 doors and downstairs
D:12 exclusions: door, ice statue and obsidian statue
D:14 exclusion: downstairs
D:15 exclusion: door
Lair:1 Jeremiah
Lair:2 2 runed translucent doors, Dounwaqo's ghost, journeyman DDEE
Lair:4 exclusions: lava snake, orange crystal statue and 7 more exclusions
Shoals:2 exclusion: downstairs
Spider:2 exclusions: downstairs, 2 emperor scorpions, pharaoh ant and 1 more exclusion
Elf:1 20 runed translucent doors
Vaults:2 corrupted
Depths:4 exclusion: vampire mage
Zot:1 4 transporters, corrupted, exclusion: downstairs
Zot:5 corrupted, 1 exclusion
Abyss:1 Parghit


Innate Abilities, Weirdness & Mutations

Armour fits poorly on your strangely shaped body.
You have extremely tough skin. (AC +3)
You have a long armoured tail.
You regenerate magic and health when rolling toward enemies. (Rampage Regen)
You are partially covered in large bone plates. (SH +4)
Your body sometimes deteriorates upon taking damage.
You are frail. (-10% HP)
Your magical capacity is very low. (-20% MP)
Your muscles are strong. (Str +4, Int/Dex -1)
Your spells are a little harder to cast, but a little more powerful.
You are vulnerable to heat. (rF-)
Your health recovers twice as slowly from being drained.


Message History

The sun demon attacks as it pursues you!
The sun demon closely misses you.
You see here a +0 flail.
The sun demon attacks as it pursues you!
You block the sun demon's attack. x2
There is a stone staircase leading up here.
The sun demon barely misses you.
You climb upwards.
Level annotation: exclusion: downstairs
There is a stone staircase leading down, spattered with blood here.
You completely miss the sun demon. You tail-slap the sun demon.
You hit the sun demon.
The sun demon is devoured by a tear in reality.
Lugonu claims a new guest.
No target in view!
(D) Dungeon (T) Temple (L) Lair (A) Shoals (N) Spider Nest (M) Slime Pits (O) Orcish Mines (E) Elven Halls (V) Vaults (C) Crypt (U) Depths (H) Hell (Z) Zot
Where to? (Tab/Enter - D:1 @ (x,y), ? - help)
What level of the Dungeon? (default 1, ? - help)
Okay, then.
There is an escape hatch in the ceiling here.
A mysterious force pulls you upwards. The hatch slams shut behind you.
(D) Dungeon (T) Temple (L) Lair (A) Shoals (N) Spider Nest (M) Slime Pits (O) Orcish Mines (E) Elven Halls (V) Vaults (C) Crypt (U) Depths (H) Hell (Z) Zot
Where to? (Tab/Enter - D:1 @ (x,y), ? - help)
What level of the Dungeon? (default 1, ? - help)
You are no longer corroded.
HP restored.
There is a stone staircase leading up here.
You climb upwards.
There is a stone staircase leading down here.
There is a stone staircase leading up here.
You climb upwards.
There is a stone staircase leading down here.
There is a staircase leading out of the dungeon here.
You have escaped!

#.........####..###..###..#
##..>...#####....###.....##
..#.#...............#.#..#
#.#.#...##.............#.########
#.....#.#.....#####......##...#..
####..#.....###...###............
..........###...P...###..........
..........#...P...P...#..........
#####.......P...@...P............
#.#.†(#...P...P...#..#.......
#.....###...P...###..##......
#.......###...###....##.####.
#.........#####.....###.# ##
##......................# #
#....###.......######### # ######
#########


There were no monsters in sight!

Vanquished Creatures
  A dread lich (Zot:5)
  3 orbs of fire (Zot:5)
  Mara (D:15)
  2 juggernauts
  4 Killer Klowns
  A Head Instructor (WizLab)
  2 curse toes
  Saint Roka (Elf:3)
  Nikola (Vaults:3)
  4 golden dragons
  Arachne (Spider:3)
  An electric golem (Zot:5)
  Zenata (Vaults:2)
  A walking crystal tome (Depths:2)
  Jorgrun (Shoals:2)
  12 Orb Guardians (Zot:5)
  2 liches (Depths:2)
  A walking earthen tome (Depths:2)
  6 tentacled monstrosities
  Asterion (Depths:1)
  A deep elf blademaster (Elf:3)
  A walking frostbound tome (Depths:1)
  Polyphemus (Shoals:3)
  7 quicksilver dragons
  A deep elf master archer (Elf:3)
  6 sphinxes
  6 tentacled starspawn
  5 death cobs
  9 storm dragons
  A shadow dragon (Zot:4)
  A tengu reaver (WizLab)
  Ilsuiw (Shoals:4)
  7 fire giants
  An emperor scorpion (Spider:4)
  A draconian knight (Zot:1)
  10 frost giants
  5 ghost moths
  8 deep elf elementalists
  7 deep elf sorcerers (Elf:3)
  6 vault wardens
  5 protean progenitors
  3 iron dragons
  A draconian stormcaller (Zot:2)
  2 orc warlords
  15 ironbound preservers
  5 formless jellyfish
  A spriggan defender (Depths:1)
  A broodmother (Spider:3)
  8 deep elf demonologists
  14 very ugly things
  4 stone giants
  2 pale draconians (Depths:4)
  The ghost of Nischam the Covert, a journeyman KoRe of Lugonu (Orc:1)
  7 ironbound thunderhulks
  3 green draconians
  6 red draconians
  2 vampire knights
  Azrael (D:13)
  8 dire elephants (Vaults:2)
  2 deep elf death magi (Elf:3)
  5 yellow draconians
  3 black draconians
  A war gargoyle (Vaults:2)
  A juggernaut skeleton (Abyss:2)
  4 purple draconians
  8 white draconians
  5 deep elf annihilators (Elf:3)
  Snorg (Orc:2)
  15 spark wasps
  3 ettins
  2 crystal guardians (Vaults:4)
  2 blizzard demons (Abyss:3)
  3 jiangshi (Depths:4)
  6 merfolk javelineers
  A green death (Abyss:2)
  3 deep elf high priests
  3 entropy weavers
  Josephine (Orc:2)
  14 yaktaur captains
  4 merfolk impalers
  6 vault guards
  3 great orbs of eyes
  6 fire dragons
  A quicksilver dragon skeleton (Vaults:3)
  An entropy weaver (shapeshifter) (D:12)
  10 ice dragons
  Erolcha (D:12)
  A hell beast (Depths:1)
  4 hydras
  A peacekeeper (Vaults:4)
  A radroach (Spider:3)
  3 spriggan air magi
  A catoblepas (Shoals:2)
  Erica (D:9)
  An alligator snapping turtle (Shoals:2)
  6 ironbound frosthearts
  An ogre mage (WizLab)
  A jorogumo (Spider:3)
  A merfolk avatar (Shoals:4)
  The ghost of Laqueoixx the Martial Artist, a journeyman OpSh of Ashenzari (Lair:1)
  24 centaur warriors
  11 satyrs
  10 tengu warriors
  A death knight (Abyss:2)
  3 merfolk aquamancers
  25 dancing weapons
  3 two-headed ogres
  2 deep troll shamans
  14 death yaks
  4 boulder beetles
  5 deep troll earth magi
  5 occultists
  2 demonic crawlers (Spider:1)
  A hell hog (Depths:1)
  3 vampire magi
  Urug (Orc:2)
  3 spriggan berserkers (Depths:2)
  5 hell knights
  7 orc high priests
  22 deep elf knights
  Sonja (D:12)
  2 thrashing horrors
  8 skysharks
  3 iron trolls
  2 wretched stars (Abyss:3)
  A spectral spark wasp (Depths:1)
  A sixfirhy (Abyss:2)
  5 pharaoh ants
  11 sea snakes
  6 mana vipers (WizLab)
  A shadow wraith (Abyss:3)
  A skeletal warrior (D:12)
  4 flayed ghosts
  2 shadow demons
  62 deep trolls
  10 deep elf archers
  5 arcanists
  5 glowing orange brains
  12 orb spiders
  6 ironbound convokers
  A phantasmal warrior (Vaults:4)
  7 steelbarb worms
  5 large abominations (Abyss:3)
  9 lindwurms
  Pikel (D:7)
  5 necromancers
  24 deep elf pyromancers
  27 deep elf zephyrmancers
  24 harpies
  Maurice (D:10)
  13 orc knights
  16 wolf spiders
  4 orc sorcerers
  A frost giant zombie (Vaults:4)
  20 fauns
  17 ugly things
  13 manticores
  A stone giant skeleton (Vaults:3)
  A worldbinder (Abyss:3)
  3 meliai (Spider:4)
  22 moths of wrath
  3 cyclopes (D:13)
  A rust devil (Depths:1)
  10 elephants (Lair:5)
  An apocalypse crab (Abyss:3)
  2 frost giant skeletons
  5 torpor snails
  A water nymph (shapeshifter) (Depths:3)
  7 black mambas
  A guardian serpent (Abyss:3)
  A kobold blastminer (Orc:2)
  8 merfolk sirens
  11 vault sentinels
  A smoke demon (Abyss:2)
  3 human zombies
  4 gargoyles
  4 water nymphs
  Maggie (D:10)
  15 cane toads
  3 unseen horrors
  A cane toad (shapeshifter) (D:12)
  4 rime drakes
  3 efreet
  2 kobold demonologists
  11 tengu conjurers
  2 freezing wraiths
  42 yaktaurs
  5 komodo dragons
  2 ice devils (Orc:1)
  Psyche (D:10)
  A red devil (Zot:5)
  A komodo dragon (shapeshifter) (Elf:2)
  A yaktaur skeleton (Vaults:2)
  22 merfolk
  A tyrant leech (Zot:2)
  5 ancient zymes
  10 trolls
  9 polar bears
  An elf simulacrum (Vaults:3)
  6 wind drakes
  18 blink frogs
  Prince Ribbit (D:7)
  2 raiju (Abyss:3)
  Grinder (D:3)
  10 hornets
  25 tarantellas
  A tarantella (shapeshifter) (Elf:3)
  8 snapping turtles
  A dream sheep (Lair:5)
  A culicivora (shapeshifter) (Vaults:4)
  An elf zombie (Vaults:4)
  42 slime creatures
  An air elemental (Elf:1)
  13 spriggans (Lair:5)
  An ettin skeleton (Vaults:4)
  16 jumping spiders
  3 ynoxinuls
  16 culicivoras
  9 water elementals
  A shadow (D:12)
  6 wraiths
  2 vampires (D:11)
  57 yaks
  A spriggan (shapeshifter) (D:13)
  2 unseen horror simulacra (D:9)
  2 wyverns
  2 fire bats (Abyss:2)
  5 golden eyes (Abyss:3)
  16 humans (D:14)
  5 basilisks
  A neqoxec (Abyss:3)
  6 fire elementals
  A warg (Elf:3)
  6 vampire mosquitoes
  6 steam dragons
  87 redbacks
  Menkaure (D:5)
  An acid dragon (shapeshifter) (Elf:2)
  4 acid dragons
  7 hell hounds
  A water moccasin (shapeshifter) (D:12)
  Duvessa (D:7)
  10 water moccasins
  An ogre skeleton (Vaults:4)
  39 orc warriors
  5 ice beasts
  5 laughing skulls (Abyss:3)
  A sky beast (D:6)
  2 black bears (Lair:5)
  8 ogres
  12 boggarts
  4 small abominations
  34 wolves
  The ghost of MiniGinger the Insei, an amateur GnSh (D:3)
  12 centaurs
  2 phantoms (D:6)
  7 kobold brigands
  A brain worm (Abyss:3)
  15 bullfrogs
  2 gnoll sergeants
  A scorpion (D:5)
  A naga simulacrum (Abyss:3)
  6 earth elementals
  3 wights (D:8)
  Dowan (D:7)
  3 killer bees (D:9)
  5 electric eels
  3 bombardier beetles
  3 hounds
  32 orc priests
  3 gnoll boudas
  2 iron imps
  5 jellies
  4 iguanas
  3 sleepcaps
  7 starcursed masses (Abyss:3)
  Ijyb (D:5)
  16 orc wizards
  A killer bee simulacrum (D:9)
  33 gnolls
  5 adders
  2 shadow imps
  A white imp (D:9)
  7 ufetubi
  4 ribbon worms
  A ribbon worm (shapeshifter) (Depths:3)
  3 dart slugs
  86 orcs
  7 ball pythons
  8 endoplasms
  3 giant cockroaches
  11 goblins
  6 hobgoblins
  3 jackals (D:1)
  39 kobolds
  A quokka (D:3)
  2 bats
  3 frilled lizards
  8 rats
  3 aspiring fleshes
  A butterfly (Lair:2)
  A lurking horror (Abyss:3)
  A spectral weapon (Depths:1)
  4 starspawn tentacles
1980 creatures vanquished.

Vanquished Creatures (collateral kills)
  An Orb Guardian (Zot:5)
  Donald (Orc:2)
  An ironbound preserver (Vaults:2)
  A dire elephant (Vaults:2)
  A deep elf death mage (Elf:3)
  A merfolk javelineer (Abyss:3)
  A deep troll (Vaults:4)
  An ironbound convoker (Vaults:4)
  An orc knight (Orc:2)
  A faun (Shoals:2)
  A vault sentinel (Vaults:2)
  A water nymph (Shoals:2)
  A jumping spider (Spider:3)
  An orc warrior (Bailey)
  2 starcursed masses (Abyss:3)
  A killer bee (D:9)
  A howler monkey (D:3)
  An orc priest (Orc:2)
  An iguana (D:5)
  2 gnolls (D:5)
  4 adders
  An orc (Orc:2)
  A goblin (D:6)
  A kobold (D:6)
29 creatures vanquished.

Vanquished Creatures (others)
  A Killer Klown (Zot:5)
  An Orb Guardian (Zot:5)
  2 quicksilver dragons (Zot:5)
  2 ironbound preservers (Vaults:2)
  A dire elephant (Vaults:2)
  A yaktaur captain (Vaults:2)
  A hydra (D:8)
  An ironbound frostheart (Vaults:2)
  A great orb of eyes (Vaults:2)
  3 centaur warriors (D:8)
  2 death knights (Vaults:2)
  A two-headed ogre (D:8)
  5 deep trolls (Vaults:2)
  2 ironbound convokers (Vaults:2)
  2 cyclopes (D:8)
  A moth of wrath (Zot:5)
  An orange demon (Zot:1)
  A yaktaur (Vaults:2)
  A troll (D:8)
  A tarantella (Spider:2)
  A culicivora (Spider:1)
  A centaur simulacrum (D:15)
  3 slime creatures
  A wraith (D:8)
  A ynoxinul (Zot:1)
  An orc warrior (Orc:2)
  A howler monkey (D:8)
  An orc (D:15)
  12 foxfires (Zot:1)
  6 spectral weapons
  38 starspawn tentacles
97 creatures vanquished.

Grand Total: 2106 creatures vanquished

Notes
Turn   | Place    | Note
-------+----------+-------------------------------------------
     0 | D:1      | ragingrage the Armataur Hedge Wizard began the quest for
                  | the Orb.
     0 | D:1      | Reached XP level 1. HP: 14/14 MP: 4/4
    55 | D:1      | Reached skill level 1 in Conjurations
   229 | D:1      | Reached XP level 2. HP: 20/20 MP: 2/5
   233 | D:1      | Learned a level 2 spell: Call Imp
   421 | D:1      | Reached skill level 1 in Summonings
   815 | D:1      | Reached skill level 1 in Fighting
   956 | D:1      | Reached XP level 3. HP: 27/28 MP: 1/7
  1186 | D:2      | Learned a level 3 spell: Mephitic Cloud
  1431 | D:2      | Found a faded altar of an unknown god.
  1444 | D:2      | Prayed at the altar of an unknown god.
  1444 | D:2      | Became a worshipper of Lugonu the Unformed
  1444 | D:2      | Reached * piety under Lugonu
  2042 | D:2      | Reached XP level 4. HP: 35/35 MP: 2/8
  2747 | D:3      | Reached skill level 1 in Air Magic
  2857 | D:3      | Noticed Grinder
  2967 | D:3      | Reached skill level 1 in Alchemy
  3069 | D:3      | Found a transporter.
  3069 | D:3      | Noticed MiniGinger's ghost (amateur GnSh)
  3072 | D:3      | Found a transporter.
  3153 | D:3      | Identified the beast talisman of Gibuisoz {*Corrode rElec
                  | Dex+4}
  3194 | D:3      | Reached ** piety under Lugonu
  3565 | D:3      | Reached XP level 5. HP: 29/40 MP: 1/9
  3662 | D:4      | Reached skill level 1 in Short Blades
  4205 | D:4      | Learned a level 2 spell: Blink
  4397 | D:4      | Reached XP level 6. HP: 47/47 MP: 3/10
  4460 | D:4      | Learned a level 2 spell: Ensorcelled Hibernation
  4834 | D:5      | Entered Level 5 of the Dungeon
  4889 | D:4      | Reached skill level 1 in Shields
  5615 | D:5      | Noticed Menkaure
  5616 | D:5      | Noticed Ijyb
  6006 | D:5      | Paralysed by Ijyb for 3 turns
  6028 | D:5      | Killed Ijyb
  6918 | D:5      | Reached skill level 2 in Shields
  6918 | D:5      | Reached skill level 1 in Hexes
  6918 | D:5      | Reached skill level 1 in Ice Magic
  6918 | D:5      | Reached skill level 1 in Invocations
  7213 | D:5      | Found Luetzo's General Store.
  7260 | D:5      | Bought a scroll of teleportation for 42 gold pieces
  7555 | D:5      | Gained mutation: You regenerate magic and health when
                  | rolling toward enemies. (Rampage Regen) [Armataur growth]
  7555 | D:5      | Reached XP level 7. HP: 47/52 MP: 4/11
  8116 | D:5      | Killed Menkaure
 10425 | D:6      | Noticed a yak
 10425 | D:6      | Noticed a yak
 10465 | D:6      | Found a hide-covered altar of Uskayaw.
 10542 | D:6      | Reached XP level 8. HP: 56/59 MP: 1/12
 11349 | D:7      | Noticed Duvessa
 11349 | D:7      | Noticed Dowan
 11429 | D:7      | Killed Duvessa
 11812 | D:7      | Killed Dowan
 11837 | D:7      | Noticed Prince Ribbit
 11841 | D:7      | Killed Prince Ribbit
 11871 | D:7      | Learned a level 3 spell: Call Canine Familiar
 11934 | D:7      | Found Puhood's Assorted Antiques.
 11934 | D:7      | Noticed a troll
 11969 | D:7      | Found Itwur's Antique Weapon Emporium.
 11979 | D:7      | Bought a fine rapier for 198 gold pieces
 11979 | D:7      | Identified the +8 rapier of Compassion {flame, rC- Str+3}
                  | (You bought it in a shop on level 7 of the Dungeon)
 12070 | D:7      | Reached *** piety under Lugonu
 12658 | D:7      | Found Hiabuxaj's Distillery.
 12660 | D:7      | Bought a scroll labelled CASKIL YGIW LELY for 33 gold
                  | pieces
 12660 | D:7      | Bought a smoky emerald potion for 29 gold pieces
 12660 | D:7      | Bought a scroll labelled BEATAO GUDO for 33 gold pieces
 12668 | D:7      | Bought a potion of lignification for 36 gold pieces
 12668 | D:7      | Bought a potion of brilliance for 48 gold pieces
 12696 | D:7      | Noticed a two-headed ogre
 12915 | D:7      | Killed a troll
 12916 | D:7      | Reached skill level 5 in Short Blades
 13063 | D:6      | Reached XP level 9. HP: 54/64 MP: 13/13
 13396 | D:6      | Found a shimmering blue altar of Sif Muna.
 13911 | D:6      | Found a staircase to the Ecumenical Temple.
 14131 | Temple   | Entered the Ecumenical Temple
 14374 | D:7      | Killed a two-headed ogre
 14375 | D:7      | Reached XP level 10. HP: 77/77 MP: 4/14
 14640 | D:7      | Found Kyeffaaq's Magic Scroll Shop.
 14668 | D:7      | Reached **** piety under Lugonu
 14833 | D:7      | Noticed Pikel
 14859 | D:7      | Killed Pikel
 14860 | D:7      | Reached skill level 3 in Shields
 15157 | D:8      | Reached skill level 1 in Evocations
 15201 | D:8      | Found a sparkling altar of Nemelex Xobeh.
 15307 | D:8      | Noticed a centaur warrior
 15307 | D:8      | Noticed a centaur warrior
 15307 | D:8      | Noticed a two-headed ogre
 15307 | D:8      | Noticed a cyclops
 15316 | D:8      | Noticed an eight-headed hydra
 15316 | D:8      | Noticed a cyclops
 15316 | D:8      | Noticed a centaur warrior
 15429 | D:8      | Found an ancient bone altar of Kikubaaqudgha.
 15527 | D:8      | Found a flagged portal.
 15623 | Bailey   | Entered a bailey
 15941 | Bailey   | Identified the +2 leather armour of the Platytaur {Dex+4}
 16001 | Bailey   | Reached skill level 5 in Invocations
 16449 | D:8      | Found a glowing golden altar of the Shining One.
 16453 | D:8      | Identified the +0 ring mail of Duty {rPois Dex+3}
 16459 | D:8      | Found a glowing silver altar of Zin.
 16460 | D:8      | Found a white marble altar of Elyvilon.
 17026 | D:9      | Reached skill level 5 in Stealth
 17035 | D:9      | Reached ***** piety under Lugonu
 17155 | D:9      | Found a broken altar of Ashenzari.
 17156 | D:9      | Found an iron altar of Okawaru.
 17461 | D:9      | Found a staircase to the Lair.
 17474 | D:9      | Reached XP level 11. HP: 70/82 MP: 12/15
 17477 | D:9      | Reached skill level 10 in Short Blades
 17601 | D:9      | Noticed Erica
 17612 | D:9      | Killed Erica
 17888 | D:9      | Noticed a centaur warrior
 17888 | D:9      | Noticed a death knight
 17900 | D:9      | Killed a centaur warrior
 18380 | D:10     | Entered Level 10 of the Dungeon
 18396 | D:10     | Found a staircase to the Orcish Mines.
 18397 | D:10     | Noticed Maggie
 18408 | D:10     | Killed Maggie
 18488 | D:10     | Noticed Maurice
 18496 | D:10     | Killed Maurice
 18891 | D:10     | Learned a level 3 spell: Passwall
 19211 | D:10     | Noticed Psyche
 19218 | D:10     | Killed Psyche
 19219 | D:10     | Reached skill level 1 in Earth Magic
 20008 | D:11     | Found an opulent altar of Gozag.
 20270 | D:11     | Noticed a boulder beetle
 20350 | D:11     | Killed a boulder beetle
 20382 | D:11     | Noticed a deep elf pyromancer
 20390 | D:11     | Noticed a deep elf pyromancer
 20391 | D:11     | Banished a deep elf pyromancer
 20392 | D:11     | Banished a deep elf pyromancer
 20878 | D:3      | Killed Grinder
 20977 | D:3      | Found a transporter.
 21196 | D:3      | Found a transporter.
 21499 | D:3      | Killed MiniGinger's ghost
 21754 | D:12     | Reached XP level 12. HP: 85/89 MP: 16/16
 22051 | D:7      | Bought a scroll of acquirement for 572 gold pieces
 22127 | Lair:1   | Entered Level 1 of the Lair of Beasts
 22838 | Lair:1   | Found a transporter.
 23053 | Lair:1   | Noticed Laqueoixx's ghost (journeyman OpSh)
 23079 | Lair:1   | Found a transporter.
 23153 | Lair:1   | Noticed Jeremiah
 23795 | Lair:2   | Noticed a five-headed hydra
 23952 | Lair:2   | Found a large runed translucent door.
 23952 | Lair:2   | Found a large runed translucent door.
 23953 | Lair:2   | Noticed Dounwaqo's ghost (journeyman DDEE)
 24228 | Lair:2   | Killed a one-headed hydra
 25087 | Lair:3   | Noticed a death yak
 25089 | Lair:3   | Noticed a death yak
 25089 | Lair:3   | Noticed a death yak
 25090 | Lair:3   | Noticed a death yak
 25503 | Lair:3   | Reached XP level 13. HP: 96/96 MP: 19/19
 25960 | Lair:3   | Found a hole to the Spider Nest.
 26637 | Lair:4   | Found a staircase to the Slime Pits.
 26993 | Lair:4   | Reached skill level 5 in Fighting
 27581 | Lair:5   | Entered Level 5 of the Lair of Beasts
 27628 | Lair:5   | Reached ****** piety under Lugonu
 27864 | Lair:5   | Reached skill level 10 in Stealth
 27880 | Lair:5   | Reached skill level 5 in Alchemy
 27978 | Lair:5   | Reached XP level 14. HP: 110/110 MP: 21/21
 28257 | Lair:5   | Reached skill level 10 in Invocations
 29321 | Orc:1    | Entered Level 1 of the Orcish Mines
 29489 | Orc:1    | Found a runed translucent door.
 29642 | Orc:1    | Noticed Nischam's ghost (journeyman KoRe)
 29916 | Orc:2    | Entered Level 2 of the Orcish Mines
 29916 | Orc:2    | Noticed Urug
 29920 | Orc:2    | Killed Urug
 29977 | Orc:1    | Reached skill level 5 in Evocations
 30067 | Orc:2    | Noticed an orc warlord
 30165 | Orc:1    | Killed Nischam's ghost
 30286 | D:7      | Bought a glowing hat for 231 gold pieces
 30586 | D:12     | Noticed Sonja
 30589 | D:12     | Killed Sonja
 30794 | D:12     | Noticed Erolcha
 30798 | D:12     | Killed Erolcha
 30874 | D:12     | Identified the +9 falchion of Indomitability {venom, rC++
                  | rN+ Str+2}
 30975 | D:12     | Reached skill level 1 in Armour
 31662 | D:13     | Reached skill level 4 in Shields
 31830 | D:13     | Noticed Azrael
 31846 | D:13     | Killed Azrael
 31994 | D:13     | Reached XP level 15. HP: 99/118 MP: 23/23
 32290 | D:13     | Reached skill level 5 in Armour
 34865 | D:14     | Found a gate to the Vaults.
 35565 | D:15     | Entered Level 15 of the Dungeon
 35756 | D:15     | Found a staircase to the Depths.
 36714 | D:15     | Found a blossoming altar of Fedhas.
 36937 | Orc:2    | Paralysed by an orc sorcerer for 4 turns
 36948 | Orc:2    | Reached skill level 5 in Shields
 37031 | Orc:2    | Found a staircase to the Elven Halls.
 37402 | Orc:1    | Found Vullintoo's Assorted Antiques.
 37577 | Orc:2    | Noticed Donald
 37596 | Orc:2    | Killed Donald
 37811 | Orc:2    | Noticed Snorg
 37820 | Orc:2    | Killed Snorg
 37866 | Orc:2    | Noticed Josephine
 38194 | Orc:2    | Killed Josephine
 38378 | Orc:2    | Reached XP level 16. HP: 133/133 MP: 20/24
 38460 | Orc:2    | Found Sakahenn's Magic Scroll Boutique.
 38460 | Orc:2    | Found Ciprumo's General Store.
 38461 | Orc:2    | Found Conwecof's Antique Armour Boutique.
 38461 | Orc:2    | Found Duiluf's Distillery.
 38468 | Orc:2    | Bought a scroll of immolation for 48 gold pieces
 38472 | Orc:2    | Bought 2 scrolls of blinking for 180 gold pieces
 38474 | Orc:2    | Acquired the +0 pair of gloves "Ekhul" {rPois rN+++ Str-5
                  | Stlth-}
 38658 | Spider:1 | Entered Level 1 of the Spider Nest
 38729 | Spider:1 | Reached skill level 10 in Fighting
 39019 | Spider:1 | Reached skill level 10 in Armour
 39629 | D:8      | Corrupted D:8
 39629 | D:8      | Noticed a tentacled starspawn
 39785 | D:8      | Noticed a bone dragon
 39789 | D:8      | Identified the ring "Hubuygh" {rN+ rCorr}
 39953 | D:8      | Identified the +7 quarterstaff of Cuakotar {venom, Str+4}
 41990 | Spider:2 | You fall into a shaft and drop 1 floor!
 42119 | Spider:3 | Reached skill level 5 in Air Magic
 42893 | Spider:3 | Noticed Arachne
 42907 | Spider:3 | Killed Arachne
 44294 | Spider:4 | Entered Level 4 of the Spider Nest
 44316 | Spider:4 | Identified the +5 plate armour of the Little Devil {Rampage
                  | Slay+2 SInv}
 44528 | Spider:4 | Reached skill level 5 in Spellcasting
 44567 | Spider:4 | Learned a level 1 spell: Apportation
 45055 | Spider:4 | Identified the +0 ring mail of Tiafoysch {Dex+4}
 45074 | Spider:4 | Reached XP level 17. HP: 97/144 MP: 19/26
 45727 | Spider:4 | Reached skill level 10 in Evocations
 46908 | Shoals:1 | Entered Level 1 of the Shoals
 47501 | Shoals:1 | Learned a level 4 spell: Ignite Poison
 47527 | Shoals:1 | You fall into a shaft and drop 1 floor!
 47527 | Shoals:2 | Noticed Jorgrun
 47537 | Shoals:2 | Killed Jorgrun
 47643 | Shoals:2 | Reached skill level 1 in Fire Magic
 49455 | Shoals:3 | Noticed Polyphemus
 50131 | Shoals:3 | Killed Polyphemus
 50300 | Shoals:3 | Found Kuafedd's Distillery.
 50765 | Shoals:3 | Reached XP level 18. HP: 115/154 MP: 8/27
 50973 | Shoals:3 | Found Ruololot's Jewellery Emporium.
 51439 | Shoals:4 | Entered Level 4 of the Shoals
 51695 | Shoals:4 | Noticed Ilsuiw
 51722 | Shoals:4 | Reached skill level 5 in Dodging
 52091 | Shoals:4 | Killed Ilsuiw
 52092 | Shoals:4 | Reached skill level 5 in Fire Magic
 53227 | Shoals:4 | Identified the ring of Lisuink {*Corrode rF+ Str+2 Dex+7
                  | SInv}
 53338 | Shoals:4 | Got a barnacled rune of Zot
 54861 | Elf:1    | Entered Level 1 of the Elven Halls
 55062 | Vaults:1 | Entered Level 1 of the Vaults
 55563 | Vaults:1 | Found a flickering gateway to a bazaar.
 55583 | Bazaar   | Entered a bazaar
 55583 | Bazaar   | Found Ahokk's Antique Armour Emporium.
 55595 | Bazaar   | Found Kicaeph's Magic Scroll Emporium.
 55625 | Bazaar   | Found Aseono's Jewellery Emporium.
 55635 | Bazaar   | Bought the ring "Levon" {rElec AC+4 Str+7 Dex-5 SInv} for
                  | 817 gold pieces
 55647 | Bazaar   | Bought an embroidered cloak for 195 gold pieces
 55660 | Bazaar   | Bought a scroll of revelation for 52 gold pieces
 55660 | Bazaar   | Bought a scroll of fear for 28 gold pieces
 55660 | Bazaar   | Bought a scroll of teleportation for 21 gold pieces
 55660 | Bazaar   | Bought a scroll of enchant armour for 52 gold pieces
 56186 | Vaults:1 | Identified the +3 scale mail of Delairch {rPois rN+ Str-4}
 57302 | Vaults:1 | Reached XP level 19. HP: 146/162 MP: 25/28
 57638 | Vaults:2 | Corrupted Vaults:2
 57780 | Vaults:2 | Noticed Zenata
 59076 | Elf:1    | Found a huge runed translucent gate.
 59076 | Elf:1    | Found a huge runed translucent gate.
 59076 | Elf:1    | Found a huge runed translucent gate.
 59076 | Elf:1    | Found a huge runed translucent gate.
 59183 | Elf:1    | Found a huge runed translucent gate.
 59184 | Elf:1    | Found a huge runed translucent gate.
 59184 | Elf:1    | Found a huge runed translucent gate.
 59184 | Elf:1    | Found a huge runed translucent gate.
 59184 | Elf:1    | Found a huge runed translucent gate.
 59185 | Elf:1    | Found a huge runed translucent gate.
 59185 | Elf:1    | Found a huge runed translucent gate.
 59185 | Elf:1    | Found a huge runed translucent gate.
 59185 | Elf:1    | Found a huge runed translucent gate.
 59185 | Elf:1    | Found a huge runed translucent gate.
 59185 | Elf:1    | Found a huge runed translucent gate.
 59185 | Elf:1    | Found a huge runed translucent gate.
 59185 | Elf:1    | Found a huge runed translucent gate.
 59186 | Elf:1    | Found a huge runed translucent gate.
 59186 | Elf:1    | Found a huge runed translucent gate.
 59186 | Elf:1    | Found a huge runed translucent gate.
 59300 | Elf:1    | Paralysed by an air elemental for 1 turns
 60182 | Orc:2    | Bought a wand of quicksilver (3) for 151 gold pieces
 60187 | Orc:2    | Bought 2 potions of curing for 102 gold pieces
 60190 | Orc:2    | Bought a scroll of fear for 48 gold pieces
 61268 | Elf:2    | Found a runed translucent gate.
 61273 | Elf:2    | Found a runed translucent gate.
 61273 | Elf:2    | Found a runed translucent gate.
 61478 | Elf:3    | Entered Level 3 of the Elven Halls
 61479 | Elf:3    | Found Qaocsiad's Weapon Shop.
 61704 | Elf:3    | Found Meuj's General Store.
 61858 | Elf:3    | Found Jafroshi's Jewellery Boutique.
 61902 | Elf:3    | Found Noowitt's Assorted Antiques.
 62010 | Elf:3    | Found Fug Hysch's Antique Armour Shoppe.
 62021 | Elf:3    | Reached skill level 6 in Shields
 62044 | Elf:3    | Noticed Saint Roka
 62217 | Elf:3    | Killed Saint Roka
 62347 | Elf:3    | Bought a pair of spiked gloves for 294 gold pieces
 62347 | Elf:3    | Identified the +1 pair of gloves of the Pit {rPois Will+}
                  | (You bought it in a shop on level 3 of the Elven Halls)
 65244 | Elf:3    | Reached skill level 15 in Armour
 66119 | Elf:3    | Reached XP level 20. HP: 157/174 MP: 9/29
 67343 | Elf:3    | Identified the +2 helmet of the Burning God {Dex+7}
 67377 | Elf:3    | Identified the +0 ring mail "Dexzicomp" {rElec rC- Int+3}
 67382 | Elf:3    | Identified the staff "Uhim" {Will+ rCorr Earth}
 67809 | Elf:3    | Found Noowitt's Assorted Antiques.
 67852 | Elf:3    | Found Fug Hysch's Antique Armour Shoppe.
 67911 | Elf:3    | Found Meuj's General Store.
 67921 | Elf:3    | Found Jafroshi's Jewellery Boutique.
 68109 | Elf:3    | Found Qaocsiad's Weapon Shop.
 68690 | Vaults:2 | Reached skill level 7 in Shields
 69071 | D:7      | Bought a phial of floods for 1320 gold pieces
 69428 | Vaults:2 | Found a staircase to the Crypt.
 70045 | Vaults:2 | Found Rongar's Jewellery Emporium.
 70468 | Vaults:2 | Reached skill level 8 in Shields
 70602 | Vaults:2 | Gained mutation: You are clumsy. (Dex -2) [mutagenic glow]
 70612 | Vaults:2 | Gained mutation: Your flesh is cold resistant. (rC+)
                  | [mutagenic glow]
 70629 | Vaults:2 | Gained mutation: You sometimes lose your temper in combat.
                  | [mutagenic glow]
 70754 | Vaults:2 | Killed Zenata
 71692 | Vaults:3 | Reached skill level 9 in Shields
 72371 | Vaults:3 | Reached skill level 15 in Stealth
 72737 | Vaults:3 | Noticed Nikola
 72753 | Vaults:3 | Killed Nikola
 73101 | Vaults:3 | You fall into a shaft and drop 1 floor!
 73130 | Vaults:4 | Paralysed by a formless jellyfish for 1 turns
 73261 | Vaults:4 | Identified the +12 sling "Lifebane" {freeze, rF++ rC-}
 74282 | Vaults:4 | Reached XP level 21. HP: 146/182 MP: 1/30
 75812 | Vaults:4 | Reached skill level 15 in Evocations
 76243 | Depths:1 | Entered Level 1 of the Depths
 76244 | Depths:1 | Noticed Asterion
 76311 | Depths:1 | Found a magical portal.
 76340 | WizLab   | Entered Yara's Duelist Academy
 76414 | WizLab   | Paralysed by an ogre mage for 3 turns
 76725 | WizLab   | Reached skill level 10 in Shields
 76812 | WizLab   | Found the +5 demon whip "Spellbinder" {antimagic, disrupt,
                  | Will+}
 77323 | WizLab   | Noticed Xaunata
 77339 | WizLab   | Killed Xaunata the Head Instructor
 77798 | Depths:1 | Reached skill level 11 in Shields
 77886 | Depths:1 | Noticed Mara
 77898 | Depths:1 | Noticed ragingrage's illusion
 78084 | Depths:1 | Noticed ragingrage's illusion
 78407 | Depths:1 | Noticed ragingrage's illusion
 78619 | Depths:1 | Noticed ragingrage's illusion
 78868 | Depths:1 | Noticed ragingrage's illusion
 78877 | D:15     | Killed Mara
 79028 | Depths:1 | Killed Asterion
 79048 | Depths:1 | Reached skill level 12 in Shields
 79175 | Depths:1 | Noticed a juggernaut
 79187 | Depths:1 | Killed a juggernaut
 79396 | Depths:1 | Identified the +4 arbalest "Zoan" {freeze, rElec}
 79443 | Depths:1 | Found a hide-covered altar of Uskayaw.
 79726 | Depths:1 | Found a gateway to Hell.
 79744 | Depths:1 | Reached skill level 13 in Shields
 80103 | Depths:1 | Identified the staff "Citov" {rF++ Will+ Earth}
 80726 | Depths:2 | Reached skill level 14 in Shields
 81055 | Depths:2 | Reached XP level 22. HP: 191/191 MP: 31/31
 81390 | Depths:2 | Found Pilur's General Store.
 81400 | Depths:2 | Noticed a golden dragon
 81463 | Depths:2 | Killed a golden dragon
 82430 | Depths:2 | Reached skill level 15 in Shields
 82579 | Depths:2 | Reached skill level 15 in Short Blades
 82747 | Depths:2 | Noticed a juggernaut
 82759 | Depths:2 | Killed a juggernaut
 83941 | Depths:2 | Bought a potion of cancellation for 128 gold pieces
 84146 | Depths:2 | Found a one-way gate leading to the halls of Pandemonium.
 84255 | Depths:3 | Found Fout Mut's Book Emporium.
 84530 | Depths:3 | Reached skill level 16 in Shields
 84556 | Depths:3 | Found a one-way gate to the infinite horrors of the Abyss.
 85772 | Depths:3 | Reached skill level 17 in Shields
 85868 | Depths:3 | Identified the +1 leather armour of Death Resistance {Fly
                  | rF+}
 86014 | Depths:4 | Entered Level 4 of the Depths
 86167 | Depths:4 | Reached skill level 15 in Fighting
 86450 | Depths:4 | Found Wupn's Book Shop.
 86785 | Depths:4 | Found a one-way gateway to a ziggurat.
 87607 | Elf:2    | Identified a +2 quick blade of distortion (a +0 heavy quick
                  | blade corrupted by Lugonu)
 87607 | Elf:2    | Received a gift from Lugonu
 87711 | Elf:2    | Identified the blade talisman of Vexation {rElec Str+2}
 87891 | Elf:2    | Lost mutation: Your flesh is cold resistant. (rC+) [potion
                  | of mutation]
 87891 | Elf:2    | Lost mutation: You are clumsy. (Dex -2) [potion of
                  | mutation]
 87891 | Elf:2    | Lost mutation: You sometimes lose your temper in combat.
                  | [potion of mutation]
 87891 | Elf:2    | Gained mutation: You occasionally shout uncontrollably at
                  | your foes. [potion of mutation]
 87891 | Elf:2    | Gained mutation: Your body sometimes deteriorates upon
                  | taking damage. [potion of mutation]
 88537 | Spider:4 | Got a gossamer rune of Zot
 89007 | Depths:3 | Voluntarily entered the Abyss.
 89047 | Abyss:2  | Found a corrupted altar of Lugonu.
 89065 | Abyss:2  | Reached XP level 23. HP: 199/199 MP: 32/32
 89339 | Abyss:3  | Found a corrupted altar of Lugonu.
 89339 | Abyss:3  | Found a corrupted altar of Lugonu.
 89339 | Abyss:3  | Found a corrupted altar of Lugonu.
 89509 | Abyss:3  | Reached skill level 18 in Shields
 89555 | Abyss:3  | Found a corrupted altar of Lugonu.
 89577 | Abyss:3  | Found a corrupted altar of Lugonu.
 89741 | Abyss:3  | Got an abyssal rune of Zot
 89742 | Depths:3 | Escaped the Abyss
 90205 | Depths:4 | Found a glowing golden altar of the Shining One.
 90429 | Depths:4 | Found a gate to the Realm of Zot.
 90435 | Zot:1    | Entered Level 1 of the Realm of Zot
 90447 | Zot:1    | Found a transporter.
 90496 | Zot:1    | Found a transporter.
 90675 | Zot:1    | Noticed Parghit
 90754 | Zot:1    | Reached skill level 5 in Earth Magic
 90804 | Zot:1    | Banished Parghit
 91020 | Zot:1    | Reached skill level 5 in Translocations
 91166 | Zot:1    | Found a transporter.
 91168 | Zot:1    | Found a transporter.
 91401 | Zot:2    | Noticed a curse toe
 91933 | Zot:2    | Reached skill level 19 in Shields
 91967 | Zot:2    | Killed a curse toe
 91988 | Zot:2    | Identified the +7 quarterstaff of Generosity {freeze, Dex+2
                  | SInv}
 92145 | Zot:2    | Found a transporter.
 92182 | Zot:2    | Found a transporter.
 92304 | Zot:3    | Noticed a Killer Klown
 92373 | Zot:3    | Killed a Killer Klown
 92520 | Zot:5    | Entered Level 5 of the Realm of Zot
 92521 | Zot:5    | Noticed a dread lich
 92779 | Zot:4    | Noticed a Killer Klown
 92782 | Zot:4    | Killed a Killer Klown
 92783 | Zot:4    | Reached XP level 24. HP: 212/212 MP: 32/32
 93728 | Zot:5    | Noticed a Killer Klown
 93740 | Zot:5    | Killed a Killer Klown
 93875 | Zot:5    | Reached skill level 20 in Shields
 94152 | Zot:5    | Corrupted Zot:5
 94193 | Zot:5    | Killed a Killer Klown
 94503 | Zot:5    | Noticed an orb of fire
 94507 | Zot:5    | Gained mutation: You occasionally lose the ability to read
                  | scrolls when taking damage. [an orb of fire]
 94512 | Zot:5    | Gained mutation: You do not regenerate when monsters are
                  | visible. [an orb of fire]
 94520 | Zot:5    | Gained mutation: You are frail. (-10% HP) [an orb of fire]
 94526 | Zot:5    | Gained mutation: You have hidden genetic defects. [an orb
                  | of fire]
 94527 | Zot:5    | Lost mutation: You are frail. (-10% HP) [potion of
                  | mutation]
 94527 | Zot:5    | Lost mutation: You occasionally lose the ability to read
                  | scrolls when taking damage. [potion of mutation]
 94527 | Zot:5    | Lost mutation: You occasionally shout uncontrollably at
                  | your foes. [potion of mutation]
 94527 | Zot:5    | Gained mutation: Your flesh is cold resistant. (rC+)
                  | [potion of mutation]
 94534 | Zot:5    | Gained mutation: Your magical capacity is low. (-10% MP)
                  | [an orb of fire]
 94538 | Zot:5    | Killed an orb of fire
 94678 | Zot:5    | Noticed an ancient lich
 94763 | Zot:5    | Banished an ancient lich
 94908 | Zot:5    | Lost mutation: Your body sometimes deteriorates upon taking
                  | damage. [potion of mutation]
 94908 | Zot:5    | Lost mutation: Your flesh is cold resistant. (rC+) [potion
                  | of mutation]
 94908 | Zot:5    | Gained mutation: Your mind is acute. (Int +4, Str/Dex -1)
                  | [potion of mutation]
 94908 | Zot:5    | Gained mutation: You possess an exceptional clarity of
                  | mind. [potion of mutation]
 94909 | Zot:5    | Lost mutation: Your mind is acute. (Int +4, Str/Dex -1)
                  | [potion of mutation]
 94909 | Zot:5    | Lost mutation: Your magical capacity is low. (-10% MP)
                  | [potion of mutation]
 94909 | Zot:5    | Lost mutation: You have hidden genetic defects. [potion of
                  | mutation]
 94909 | Zot:5    | Gained mutation: You have hidden genetic defects. [potion
                  | of mutation]
 94909 | Zot:5    | Gained mutation: You have a pair of small horns on your
                  | head. [potion of mutation]
 94909 | Zot:5    | Lost mutation: You have a pair of small horns on your head.
                  | [potion of mutation]
 95352 | Lair:1   | Killed Laqueoixx's ghost
 95376 | Lair:1   | Lost mutation: You do not regenerate when monsters are
                  | visible. [potion of mutation]
 95376 | Lair:1   | Lost mutation: You have hidden genetic defects. [potion of
                  | mutation]
 95376 | Lair:1   | Lost mutation: You possess an exceptional clarity of mind.
                  | [potion of mutation]
 95376 | Lair:1   | Gained mutation: Your spells are a little harder to cast,
                  | but a little more powerful. [potion of mutation]
 95376 | Lair:1   | Gained mutation: You are partially covered in large bone
                  | plates. (SH +4) [potion of mutation]
 95376 | Lair:1   | Gained mutation: Your spells are harder to cast, but more
                  | powerful. [potion of mutation]
 95866 | Zot:5    | Noticed an orb of fire
 95870 | Zot:5    | Gained mutation: Your body sometimes deteriorates upon
                  | taking damage. [an orb of fire]
 95878 | Zot:5    | Gained mutation: Your magical capacity is low. (-10% MP)
                  | [an orb of fire]
 95882 | Zot:5    | Noticed an orb of fire
 95884 | Zot:5    | Lost mutation: Your spells are harder to cast, but more
                  | powerful. [an orb of fire]
 95885 | Zot:5    | Killed an orb of fire
 95896 | Zot:5    | Gained mutation: You are frail. (-10% HP) [an orb of fire]
 95922 | Zot:5    | Banished an orb of fire
 96180 | Zot:5    | Noticed a Killer Klown
 96560 | Zot:5    | Noticed a Killer Klown
 96584 | Zot:5    | Killed a Killer Klown
 96625 | Zot:5    | Banished a Killer Klown
 96919 | Zot:5    | Noticed an orb of fire
 96933 | Zot:5    | Gained mutation: Your muscles are strong. (Str +4, Int/Dex
                  | -1) [an orb of fire]
 96941 | Zot:5    | Gained mutation: Your magical capacity is very low. (-20%
                  | MP) [an orb of fire]
 96943 | Zot:5    | Noticed a Killer Klown
 96945 | Zot:5    | Gained mutation: You are vulnerable to heat. (rF-) [an orb
                  | of fire]
 96965 | Zot:5    | Killed an orb of fire
 97090 | Zot:5    | Banished a Killer Klown
 99320 | Zot:5    | Noticed a Killer Klown
 99330 | Zot:5    | Banished a Killer Klown
 99628 | Zot:5    | Gained mutation: Your health recovers twice as slowly from
                  | being drained. [mutagenic glow]
 99668 | Zot:5    | Noticed an ancient lich
 99692 | Zot:5    | Banished an ancient lich
 99863 | Zot:5    | Paralysed by a Zot trap for 5 turns
101389 | Zot:5    | Killed a dread lich
101639 | Zot:5    | Got the Orb of Zot
101659 | Zot:5    | Noticed a Killer Klown
101814 | Zot:1    | Noticed Daowu the pandemonium lord
101815 | Zot:1    | Corrupted Zot:1
102056 | D:10     | Noticed Wodoegis the pandemonium lord
102245 | D:$      | Escaped with the Orb!

Illustrated notes

Levels and vault maps discovered:
D:1:      mainiacjoe_arrival_oval_in_oval, layout_rooms, serial_curves,
          eino_curves_03, eino_curves_02
D:2:      layout_basic, shapermc_ecumenical_altar_totnotflames,
          kennysheep_generic_room_13
D:3:      layout_loops_ring, gammafunk_ghost_arena, nrook_mini_vaults,
          uniq_grinder
D:4:      layout_loops_ring
D:5:      layout_cave_pools, serial_shops, shop, uniq_menkaure, uniq_ijyb
D:6:      corexii_shack_village, layout_loops_ring, lemuel_blue_sif_altar,
          mainiacjoe_overflow_tiny_flanked, minmay_temple_entry_nine_rooms,
          grunt_potential
D:7:      layout_basic, serial_shops, shop_fountains, shop_statue, shop, shop,
          uniq_prince_ribbit1, uniq_duvessa, uniq_pikel
D:8:      layout_basic, good_gods_temple_1, kiku_gazebo_pond_becter,
          mainiacjoe_overflow_surrounded_room, enter_bailey_4,
          serial_corexii_hall, chequers_hall_statues_wall_a,
          corexii_hall_statues_x, minivault_12
D:9:      minmay_chambers_of_sixes, layout_long_grid,
          grunt_temple_overflow_open, dpeg_oklobed_lair, serial_ice,
          serial_ice_d, serial_ice_a, serial_ice_b, serial_ice_c, serial_ice_l,
          serial_ice_f, serial_ice_g, serial_ice_n, serial_ice_m, serial_ice_o,
          hangedman_decor_growths, uniq_erica
D:10:     layout_long_grid, orc_0_dummy, minivault_25, glass_columns_a,
          uniq_maurice, uniq_maggie, uniq_psyche
D:11:     layout_small_grid, serial_library,
          serial_library_hellmonk_small_corner, serial_library_hellmonk_h_bend,
          serial_library_hellmonk_u_bend, serial_library_regret_index_headful,
          serial_library_hellmonk_filled_rooms,
          serial_library_hellmonk_semicircle,
          serial_library_hellmonk_open_square, grunt_gozag_statues
D:12:     minmay_the_grid_four_pointed_star_mashed
          [minmay_the_grid_triangle_9x9_impossible_snake,
          minmay_the_grid_triangle_9x9_alien,
          minmay_the_grid_triangle_9x9_stretched_checkered,
          minmay_the_grid_triangle_9x9_swiss_cheese,
          minmay_the_grid_prize_four_corners], layout_loops_ring, david_greed,
          uniq_sonja, uniq_erolcha
D:13:     layout_basic, uniq_azrael
D:14:     layout_grid_maze, david_vaults_3
D:15:     hangedman_depths_entry_civil_slaughter, layout_rooms, fedhas_altar_4
Temple:   compressed_dpeg_triangle_lava_temple
Lair:1:   layout_regular_city, nzn_ghost_randoct, serial_bayou_shore_b,
          grunt_megastairs_5, uniq_jeremiah
Lair:2:   layout_cave_pods, nicolae_shoals_entry_flooding,
          ebering_ghost_disaster_area, lemuel_fruit_fields
Lair:3:   layout_chaotic_city, spider_nest_entry_funnel_web,
          serial_bayou_shore_a
Lair:4:   layout_regular_city, minmay_slime_entry_pillars, disabler_island,
          grunt_megastairs_2
Lair:5:   minmay_lair_end_enchanted_forest, layout_cave_pods
Shoals:1: layout_shoals
Shoals:2: layout_shoals, uniq_jorgrun
Shoals:3: layout_shoals, serial_shops, nicolae_shop_tiny_real_fake_doors, shop,
          uniq_polyphemus
Shoals:4: shoals_end_grunt_garden, layout_shoals, shoal_ilsuiw
Spider:1: layout_spider_delve, drop_trap
Spider:2: layout_chambers, nicolae_spider_jagged_tunnels
Spider:3: layout_cave_pods, nicolae_orb_island, uniq_arachne
Spider:4: spider_rune_water
Orc:1:    layout_caves, portal_ice_cave_demonic_guard, serial_shops,
          nicolae_shop_competitors_out_of_business,
          ebering_ghost_reflecting_pool
Orc:2:    st_orc_pillars, layout_diamond_mine, uniq_donald, uniq_snorg,
          uniq_urug, uniq_josephine
Elf:1:    layout_loops_corners, hangedman_elf_represent
Elf:2:    nicolae_elf_blades_crystal_corner, layout_loops_cross, serial_glass,
          glass_columns_b, glass_columns_a, glass_columns_c, glass_columns_c,
          minmay_strange_pillars, item_on_display_a, feat_on_display,
          due_unseen_surprise
Elf:3:    minmay_elf_hall_dome, layout_geoelf_castle, serial_shops, shop,
          nicolae_shop_window_shopping, nicolae_shop_window_shopping, shop,
          nicolae_shop_scrapyard, uniq_saint_roka
Vaults:1: nicolae_vaults_meiosis, nicolae_vaults_trapezoid_3, v_rooms_4,
          vaults_mumra_chevron_long, nicolae_vaults_little_squares_2, v_misc_32,
          v_pattern_2, minmay_orc_keep, nicolae_vaults_mini_display_case,
          nicolae_vaults_tetromino_T_1, layout_vaults_omnigrid, serial_shops,
          bzr_entry_road
Vaults:2: vaults_standard_mumra_lines, nicolae_vaults_angled_halls,
          nicolae_vaults_tetromino_L_1, blue_anna_dwarven_crypt,
          nicolae_vaults_ellipses_ellipsis, nicolae_vaults_mush_room, v_misc_26,
          nicolae_vaults_closet_pinwheel_1, hangedman_vaults_capsules,
          v_misc_29, ontoclasm_vaults_bender, nicolae_vaults_little_squares_2,
          layout_vaults_big_room, serial_shops, shop, uniq_zenata
Vaults:3: v_misc_4, vaults_room_pools, v_pattern_1, vaults_room_hallway,
          vaults_room_grunt_arrival_checkpoint, ontoclasm_vaults_spin,
          v_misc_33, vaults_room_fancy_cross, vaults_room_fancy_cross,
          hangedman_vaults_corner, grunt_vaults_hallway_short,
          ontoclasm_vaults_decontamination, nicolae_vaults_tetromino_Z_1,
          layout_vaults_ring, uniq_nikola
Vaults:4: nicolae_vaults_shrinking_rooms_2, v_misc_26, nicolae_vaults_house_1,
          vaults_dpeg_encased_lava, kb_rosetta, ontoclasm_vaults_ring_large,
          v_pattern_5, v_rooms_2, nicolae_vaults_cochlea,
          nicolae_vaults_little_squares_6, v_alt_pattern_6,
          hangedman_vaults_slice, layout_vaults_omnicross
Depths:1: minmay_cut_squares, layout_gridville, minmay_misc_feat_chi,
          grunt_mini_vestibule, lightli_enter_wizlab_magi_temple,
          nicolae_uskayaw_suspiria, uniq_mara, uniq_asterion
Depths:2: nicolae_fronds_of_death, layout_cave_pools, serial_shops, shop,
          rand_demon_pan_entry_7, hell_entry
Depths:3: kennysheep_oblong_rooms, layout_small_grid, hell_entry, serial_shops,
          bzr_entry_water, nicolae_square_shop, chequers_serial_rivers_small_b,
          hangedman_abyss_entry_splay, minmay_staircase_bubble
Depths:4: evilmike_zot_entry_gauntlet, layout_cave_shapes, enter_ziggurat_b,
          serial_shops, shop, nicolae_kite_square_tiling_tiny, hell_entry,
          tso_altar
Zot:1:    layout_onion, nicolae_diode_intersection, uniq_parghit
Zot:2:    layout_onion_interference, nicolae_diode_stairs
Zot:3:    layout_gridlike
Zot:4:    layout_gridlike, hangedman_zot_decor_scrapings,
          st_single_dragon_hoard_3, regret_index_zotdec_fiery_em
Zot:5:    layout_concentric_octagons

Skill      XL: |  1  2  3  4  5  6  7  8  9 10 11 12 13 14 15 16 17 18 19 20 21 22 23 24 |
---------------+-------------------------------------------------------------------------+-----
Conjurations   | 1 2 4 |  4.0
Summonings     | 1 2 4 |  4.0
Fighting       | 1 3 4 6 7 9 11 12 14 15 16 18 | 18.0
Air Magic      | 1 2 3 4 5 |  5.0
Alchemy        | 1 2 3 5 6 8 9 |  9.0
Short Blades   | 2 3 5 7 9 12 13 14 15 | 15.0
Stealth        | 3 4 6 10 12 15 | 15.0
Shields        | 2 3 4 5 6 9 14 17 19 20 | 20.0
Spellcasting   | 3 5 6 |  6.0
Hexes          | 1 2 |  2.0
Ice Magic      | 1 2 4 |  4.0
Invocations    | 1 2 4 5 8 9 11 12 13 14 | 14.5
Evocations     | 3 7 9 11 12 13 14 15 16 | 16.3
Dodging        | 3 4 5 6 8 |  8.0
Earth Magic    | 3 4 5 |  5.0
Armour         | 4 9 11 12 15 16 17 18 | 18.0
Translocations | 3 5 |  5.0
Fire Magic     | 3 8 |  8.0

Action                     |  1- 3 |  4- 6 |  7- 9 | 10-12 | 13-15 | 16-18 | 19-21 | 22-24 || total
---------------------------+-------+-------+-------+-------+-------+-------+-------+-------++-------
  Melee: Dagger            |    22 |    77 |    55 |       |       |       |       |       ||   154
         Tailslap          |       |    13 |    25 |    99 |   251 |   232 |   266 |   640 ||  1526
         Short sword       |       |       |    50 |       |       |       |       |       ||    50
         Rapier            |       |       |    77 |   671 |  1208 |  1100 |   935 |    62 ||  4053
         Scimitar          |       |       |       |     6 |     6 |       |       |       ||    12
         Staff             |       |       |       |       |       |    25 |    29 |    11 ||    65
         Demon blade       |       |       |       |       |       |       |    51 |   288 ||   339
         Quick blade       |       |       |       |       |       |       |       |  1869 ||  1869
  Throw: Dart              |       |       |    14 |     6 |     2 |     4 |    14 |     1 ||    41
         Throwing net      |       |       |       |       |       |       |     1 |       ||     1
   Cast: Magic Dart        |    83 |   148 |   152 |    58 |     4 |       |       |       ||   445
         Call Imp          |     2 |    14 |    15 |     3 |       |       |       |       ||    34
         Mephitic Cloud    |     1 |    16 |    42 |    51 |   178 |   135 |     8 |       ||   431
         Blink             |       |     2 |       |     4 |       |     3 |     1 |     3 ||    13
         Ensorcelled Hiber |       |       |     5 |    12 |     5 |       |       |       ||    22
         Call Canine Famil |       |       |     3 |    11 |     2 |     1 |       |       ||    17
         Passwall          |       |       |       |     1 |     1 |     9 |       |    16 ||    27
         Ignite Poison     |       |       |       |       |       |    44 |   167 |    58 ||   269
         Apportation       |       |       |       |       |       |     1 |       |       ||     1
 Invoke: Banish            |       |       |       |     7 |    12 |    19 |     7 |     5 ||    50
         Corrupt           |       |       |       |       |       |     1 |     1 |     2 ||     4
         Brand Weapon With |       |       |       |       |       |       |       |     1 ||     1
         Depart the Abyss  |       |       |       |       |       |       |       |     1 ||     1
Ability: Evoke the Staff o |       |       |       |       |       |   256 |   335 |    99 ||   690
  Evoke: Wand              |       |       |     3 |     5 |     9 |    17 |    17 |    14 ||    65
         Lightning rod     |       |       |       |       |     8 |     6 |     8 |     4 ||    26
         Box of beasts     |       |       |       |       |     1 |     1 |     3 |     2 ||     7
         Phantom mirror    |       |       |       |       |       |     2 |     3 |       ||     5
         Condenser vane    |       |       |       |       |       |     4 |     1 |     2 ||     7
         Phial of floods   |       |       |       |       |       |       |     3 |       ||     3
    Use: Scroll            |       |     5 |     6 |    10 |     8 |     9 |    10 |    23 ||    71
         Potion            |       |     3 |       |       |       |     3 |     5 |    21 ||    32
   Stab: Sleeping          |     2 |       |     2 |    14 |    30 |    29 |    33 |    26 ||   136
         Confused          |     1 |     6 |    17 |    41 |   151 |   101 |     1 |       ||   318
         Paralysed         |       |       |     2 |       |     3 |     5 |     1 |       ||    11
         Distracted        |       |       |     1 |     1 |     3 |     4 |     6 |    28 ||    43
         Invisible         |       |       |       |       |       |       |       |     1 ||     1
         Held in net/web   |       |       |       |       |       |       |       |     1 ||     1
 Armour: Robe              |    29 |    73 |   109 |    52 |       |       |       |       ||   263
         Leather armour    |       |       |       |   211 |   417 |       |       |       ||   628
         Ring mail         |       |       |       |       |   147 |   834 |   758 |   714 ||  2453
         Plate armour      |       |       |       |       |       |   171 |       |       ||   171
         Quicksilver drago |       |       |       |       |       |       |    12 |       ||    12
         Fire dragon scale |       |       |       |       |       |       |       |    76 ||    76
  Dodge: Dodged            |    14 |    38 |    56 |   153 |   248 |   372 |   198 |   289 ||  1368
  Block: Buckler           |       |    18 |    31 |   188 |   178 |   346 |   184 |       ||   945
         Reflection        |       |       |       |     1 |       |       |     5 |    19 ||    25
         Kite shield       |       |       |       |       |       |       |   158 |   721 ||   879
